 Dungeon Crawl Stone Soup version 0.31-a0-925-g0a390f2509 (webtiles) character file.

Game seed: 15348561770821403131

292 hadoken the Shooter (level 6, -4/34 HPs)
             Began as a Tengu Hexslinger on Oct 18, 2023.
             Slain by a bullfrog (7 damage)
             ... on level 5 of the Dungeon.
             The game lasted 00:06:58 (3262 turns).

hadoken the Shooter (Tengu Hexslinger)              Turns: 3262, Time: 00:06:59

Health: -4/34      AC:  3    Str:  9    XL:     6   Next: 33%
Magic:  11/11      EV: 12    Int: 13    God:
Gold:   254        SH:  0    Dex: 18    Spells: 6/11 levels left

rFire   . . .        a - +1 sling
rCold   . . .        (no shield)
rNeg    . . .        f - +0 leather armour
rPois   .            (helmet restricted)
rElec   .            (no cloak)
rCorr   .            (no gloves)
SInv    .            (boots unavailable)
Will    .....        (no amulet)
Stlth   +            (no ring)
HPRegen 0.25/turn    (no ring)
MPRegen 0.12/turn

%: acrobat
@: confused, weak-willed, ambrosia-drunk, enlightened, flying
A: beak, talons 3, acrobatic
a: no special abilities


You were on level 5 of the Dungeon.
You visited 1 branch of the dungeon, and saw 5 of its levels.

You collected 254 gold pieces.

Inventory:

Hand Weapons
 a - a +1 sling (weapon)
Missiles
 p - a throwing net
Armour
 c - a +0 robe
 f - a +0 leather armour (worn)
Jewellery
 u - an amulet of faith
Wands
 e - a wand of iceblast (10)
Scrolls
 b - a scroll of poison
 h - a scroll of teleportation
 j - a scroll of noise
 l - a scroll of enchant armour {unknown}
 m - a scroll of revelation {unknown}
 o - 4 scrolls of identify {unknown}
 q - a scroll of brand weapon {unknown}
 v - a scroll of fear {unknown}
 w - a scroll of amnesia {unknown}
Potions
 d - a potion of curing
 g - a potion of berserk rage {unknown}
 i - a potion of ambrosia
 k - a potion of brilliance {unknown}
 n - a potion of haste {unknown}
 r - 2 potions of attraction {unknown}
 t - a potion of might {unknown}


   Skills:
 - Level 1.0 Fighting
 + Level 4.9 Ranged Weapons
 - Level 2.1 Dodging
 + Level 3.0 Spellcasting
 + Level 3.3 Hexes
 - Level 1.1 Fire Magic


You had 6 spell levels left.
You knew the following spells:

 Your Spells              Type           Power      Damage    Failure   Level
a - Jinxbite              Hex            20%        N/A       13%         2
b - Sigil of Binding      Hex            10%        N/A       26%         3

Your spell library contained the following spells:

 Spells                   Type           Power      Damage    Failure   Level
 Tukima's Dance           Hex            10%        N/A       26%         3
 Sting                    Tmut/Pois      4%         1d3       32%         1
 Inner Flame              Hex/Fire       7%         N/A       36%         3
 Cigotuvi's Dreadful Rot  Necr/Pois/Air  2%         N/A       43%         2
 Poisonous Vapours        Pois/Air       2%         N/A       43%         2
 Cause Fear               Hex            5%         N/A       63%         4
 Ozocubu's Armour         Ice            1%         N/A       67%         3
 Dimensional Bullseye     Hex/Tloc       3%         N/A       86%         4
 Dispel Undead            Necr           1%         3d6       97%         4
 Olgreb's Toxic Radiance  Pois           1%         N/A       97%         4
 Passage of Golubria      Tloc           1%         N/A       97%         4
 Yara's Violent Unravell  Hex/Tmut       3%         3d4       99%         5
 Death Channel            Necr           0%         N/A       100%        6
 Ozocubu's Refrigeration  Ice            0%         4d7       100%        7


Dungeon Overview and Level Annotations

Branches:
Dungeon (5/15)
 Temple: D:4-7

Altars:
Cheibriados
Hepliaklqana
Xom
The Shining One

Annotations:
D:2 Sigmund


Innate Abilities, Weirdness & Mutations

You have a beak for a mouth.
You have claws for feet.
You can magically evade attacks while moving or waiting.


Message History

A giggling sprite leaps out and makes the scorpion trip over its own legs.
The scorpion is almost dead.
You feel sick. The bullfrog misses you.
An orc comes into view. It is wielding a +0 club.
The scorpion stings you. The bullfrog barely misses you.
Sorry, you're not good enough to have a special ability.
Sorry, you're not good enough to have a special ability.
Unknown command.
You feel sick.
The orc shouts!
You hear a shout!
The scorpion barely misses you.
An orc comes into view. It is wielding a +0 flail.
The bullfrog completely misses you.
You feel sick. The bullfrog attacks as it pursues you! The bullfrog misses you.
The scorpion attacks as it pursues you! The scorpion closely misses you.
You feel sick. The bullfrog attacks as it pursues you!
The bullfrog closely misses you.
The jinxing sprites lose interest in you.
You feel sick. The bullfrog attacks as it pursues you!
The bullfrog completely misses you. The bullfrog misses you.
Fire: a) +1 sling
Press: ? - help, Q - select action, (/) - cycle Shift-Dir - straight line, f/p - scorpion
Aim: a scorpion (almost dead, heavily drained, 62% to hit)
You shoot a sling bullet.
The sling bullet hits the bullfrog but does no damage.
You feel sick.
You are no longer poisoned.
The scorpion seems less drained.
The bullfrog hits you. x2
* * * LOW HITPOINT WARNING * * *
It was a potion of ambrosia.
You are confused.
You feel invigorated. The bullfrog hits you!
* * * LOW HITPOINT WARNING * * *
An orc breaks down the door.
It was a potion of enlightenment.
You feel very buoyant.
You fly up into the air.
The bullfrog hits you.
* * * LOW HITPOINT WARNING * * *
The bullfrog hits you!
You die...

## ..
#.#####'#######+#
#....@Fso........
#######oo...#.##
####..# .o...
..#### ..o ..##
###


You could see a bullfrog, a scorpion and 3 orcs.

Vanquished Creatures
  2 scorpions (D:5)
  2 iguanas
  5 adders
  A shadow imp (D:5)
  3 worms (D:3)
  2 dart slugs
  3 orcs
  2 bats (D:1)
  6 endoplasms
  A giant cockroach (D:2)
  8 goblins
  7 hobgoblins
  3 quokkas
  6 ball pythons
  A frilled lizard (D:1)
  7 kobolds
  2 rats
61 creatures vanquished.

Notes
Turn   | Place    | Note
-------+----------+-------------------------------------------
     0 | D:1      | hadoken the Tengu Hexslinger began the quest for the Orb.
     0 | D:1      | Reached XP level 1. HP: 12/12 MP: 3/3
    20 | D:1      | You fall into a shaft and drop 1 floor!
   236 | D:1      | Reached XP level 2. HP: 16/16 MP: 4/4
   309 | D:1      | Reached skill level 3 in Ranged Weapons
   478 | D:1      | Learned a level 2 spell: Jinxbite
   875 | D:2      | Reached XP level 3. HP: 15/20 MP: 4/6
  1170 | D:2      | Reached XP level 4. HP: 25/25 MP: 7/7
  1325 | D:2      | Noticed Sigmund
  1568 | D:3      | Found a glowing golden altar of the Shining One.
  1755 | D:3      | Reached skill level 4 in Ranged Weapons
  2114 | D:3      | Found a shimmering altar of Xom.
  2124 | D:3      | Found a snail-covered altar of Cheibriados.
  2446 | D:4      | Reached XP level 5. HP: 14/29 MP: 5/9
  2689 | D:4      | Found a hazy altar of Hepliaklqana.
  2767 | D:4      | Learned a level 3 spell: Sigil of Binding
  2917 | D:5      | Entered Level 5 of the Dungeon
  2998 | D:5      | Reached XP level 6. HP: 19/34 MP: 8/11
  3262 | D:5      | Slain by a bullfrog

Illustrated notes

Levels and vault maps discovered:
D:1:      elethiomel_arrival_quiet, layout_loops_ring, minmay_hedge_maze,
          serial_park_tiny_pond, minmay_unequal
D:2:      layout_basic, amcnicky_mini_corridor_feature,
          hangedman_decor_peaks_small, uniq_sigmund
D:3:      layout_basic, tso_metal_star, amethyst_overflow_temple_binary
D:4:      layout_rooms, worldfamousw_hep_ancestral_shrine
D:5:      layout_basic, minmay_quadrilaterals

Skill      XL: |  1  2  3  4  5  6 |
---------------+-------------------+-----
Ranged Weapons | 3 4 |  4.9
Spellcasting   | 2 3 |  3.0
Hexes          | 3 |  3.3
Fighting       | |  1.0
Dodging        | |  2.1
Fire Magic     | |  1.1

Action                     |  1- 3 |  4- 6 || total
---------------------------+-------+-------++-------
   Fire: Sling             |    90 |   118 ||   208
   Cast: Jinxbite          |     5 |    20 ||    25
         Sigil of Binding  |       |     1 ||     1
    Use: Potion            |       |     6 ||     6
         Scroll            |       |     3 ||     3
 Armour: Robe              |     4 |       ||     4
         Leather armour    |    24 |    24 ||    48
         Skin              |       |    15 ||    15
  Dodge: Dodged            |    28 |    30 ||    58

Table legend: (Time is in decaauts)
 A = Elapsed time spent in this place.
 B = Non-inter-level travel time spent in this place.
 C = Inter-level travel time spent in this place.
 D = Time resting spent in this place.
 E = Time spent auto-exploring this place.
 F = Levels seen in this place.
 G = Mean time per level.
                   A        B        C        D        E       F      G
               +--------+--------+--------+--------+--------+-----+--------+
         Total |   3314 |   3225 |     89 |    484 |   2257 |   5 |  662.8 |
       Dungeon |   3314 |   3225 |     89 |    484 |   2257 |   5 |  662.8 |
               +--------+--------+--------+--------+--------+-----+--------+

Top non-repeatable levels by time:
     D:3: 852 daAuts
     D:1: 786 daAuts
     D:4: 701 daAuts
     D:2: 619 daAuts
     D:5: 354 daAuts
